 Dungeon Crawl Stone Soup version 0.22.0-13-g43fe8f2 (webtiles) character file.

5707 shmeve the Fighter (level 10, 0/94 HPs)
             Began as a Minotaur Berserker on Aug 17, 2018.
             Was a High Priest of Trog.
             Slain by an unseen horror (7 damage)
             ... on level 9 of the Dungeon.
             The game lasted 00:17:18 (7797 turns).

shmeve the Fighter (Minotaur Berserker)             Turns: 7797, Time: 00:17:18

Health: 0/94       AC: 12    Str: 26    XL:     10   Next: 48%
Magic:  9/9        EV: 11    Int:  4    God:    Trog [*****.]
Gold:   380        SH:  0    Dex:  9    Spells: 9/9 levels left

rFire    . . .     SeeInvis .   a - +1 hand axe
rCold    . . .     Gourm    .   (no shield)
rNeg     . . .     Faith    +   h - +0 chain mail
rPois    .         Spirit   .   (helmet restricted)
rElec    .         Reflect  .   (no cloak)
rCorr    .         Harm     .   w - +0 pair of gloves
MR       ++...                  (no boots)
Stlth    ..........             k - amulet of faith
HPRegen  1.25/turn              (no ring)
MPRegen  0.11/turn              (no ring)

@: berserk cooldown, regenerating, slowed, very slow
A: retaliatory headbutt, horns 2
a: Berserk, Trog's Hand, Brothers in Arms, Renounce Religion


You were on level 9 of the Dungeon.
You worshipped Trog.
Trog was extremely pleased with you.
You were near starving.

You visited 1 branch of the dungeon, and saw 9 of its levels.

You collected 380 gold pieces.

Inventory:

Hand Weapons
 a - a +1 hand axe (weapon)
Missiles
 z - 14 silver tomahawks (quivered)
Armour
 h - a +0 chain mail (worn)
 s - a +0 plate armour
 w - a +0 pair of gloves (worn)
Jewellery
 k - an amulet of faith (around neck)
Scrolls
 b - 11 scrolls of identify
 d - 4 scrolls of enchant armour
 j - 2 scrolls of magic mapping {unknown}
 q - 2 scrolls of teleportation {unknown}
 t - 2 scrolls of amnesia {unknown}
 v - a scroll of blinking
 x - a scroll of random uselessness {unknown}
 y - a scroll of fog {unknown}
Potions
 e - a potion of magic {unknown}
 f - 3 potions of curing
 g - 2 potions of degeneration {unknown}
 i - a potion of flight {unknown}
 l - 2 potions of brilliance {unknown}
 m - 2 potions of mutation {unknown}
 n - 7 potions of heal wounds
 o - a potion of haste {unknown}
 p - a potion of resistance {unknown}
 u - 2 potions of invisibility {unknown}
Comestibles
 c - 16 rations


   Skills:
 * Level 10.6 Fighting
 * Level 10.6 Axes
 + Level 5.8 Throwing
 + Level 7.6 Armour
 + Level 6.8 Dodging


You had 9 spell levels left.
You didn't know any spells.
Your spell library was empty.

Dungeon Overview and Level Annotations

Branches:
Dungeon (9/15)             Temple (0/1) D:5
   Lair: D:8-11         Orc: D:9-12

Altars:
Dithmenos
Qazlal
Xom

Shops:
D:5 (   D:6 (


Innate Abilities, Weirdness & Mutations

You reflexively headbutt those who attack you in melee.
You have a pair of horns on your head.


Message History

You swing at nothing.
Something hits you.
You swing at nothing.
Something hits you!
* * * LOW HITPOINT WARNING * * *
You swing at nothing.
Something hits you.
* * * LOW HITPOINT WARNING * * *
You swing at nothing.
Something hits you!
* * * LOW HITPOINT WARNING * * *
You hit something but do no damage. Something hits you!
* * * LOW HITPOINT WARNING * * *
Something hits you.
* * * LOW HITPOINT WARNING * * *
You swing at nothing.
Something hits you but does no damage.
You barely miss something.
You hear the faint creaking of a very distant portcullis.
Something hits you.
* * * LOW HITPOINT WARNING * * *
You closely miss something.
You feel the effects of Trog's Hand fading.
Something hits you!
You die...

#......#
#......#
#......#
#......
#.....# ####
#.....##.....
#.)..<.......
#.>.(....[...
#.@))........
#............
#............
#............
#............
#.....##.....
#.....# ...!
#.....#


There were no monsters in sight!

Vanquished Creatures
  A two-headed ogre (D:8)
  A troll (D:6)
  The ghost of peteyfrogboy the Grave Robber, an amateur DsNe of Vehumet (D:4)
  2 hippogriffs (D:8)
  Sigmund (D:5)
  Duvessa (D:6)
  An orc warrior (D:9)
  A sky beast (D:6)
  An ice beast (D:8)
  A black bear (D:6)
  2 phantoms
  An ogre (D:4)
  7 centaurs
  The ghost of dialectric the Skirmisher, an amateur GrWn (D:3)
  A crocodile (D:8)
  4 big kobolds
  7 bullfrogs
  Dowan (D:6)
  A scorpion (D:5)
  12 killer bees (D:8)
  3 howler monkeys
  A bullfrog zombie (D:7)
  3 crimson imps
  7 orc priests
  2 bullfrog skeletons
  6 hounds
  6 jellies
  7 orc wizards
  Jessica (D:2)
  2 iguanas
  A killer bee zombie (D:7)
  A worker ant zombie (D:6)
  Robin (D:3)
  7 adders
  2 shadow imps
  5 oozes (D:8)
  2 adder skeletons
  2 worms
  2 dart slugs
  5 leopard geckos
  15 orcs
  4 bats
  3 giant cockroaches
  13 goblins
  3 hobgoblins
  5 jackals
  25 kobolds
  6 quokkas
  A ball python (D:1)
  4 frilled lizards
  A leopard gecko zombie (D:6)
  A quokka skeleton (D:6)
  8 rats
203 creatures vanquished.

Vanquished Creatures (others)
  2 fungi (D:3)
2 creatures vanquished.

Grand Total: 205 creatures vanquished

Notes
Turn   | Place    | Note
-------+----------+-------------------------------------------
     0 | D:1      | shmeve the Minotaur Berserker began the quest for the Orb.
     0 | D:1      | Reached XP level 1. HP: 19/19 MP: 0/0
   506 | D:1      | Reached XP level 2. HP: 27/27 MP: 1/1
   921 | D:2      | Reached ** piety under Trog
   937 | D:2      | Noticed Jessica
   941 | D:2      | Killed Jessica
   941 | D:2      | Reached XP level 3. HP: 33/33 MP: 2/2
  1148 | D:2      | Found a shadowy altar of Dithmenos.
  1318 | D:2      | Reached skill level 1 in Throwing
  1621 | D:3      | Noticed Robin
  1628 | D:3      | Reached XP level 4. HP: 41/41 MP: 3/3
  1635 | D:3      | Killed Robin
  1754 | D:3      | Found a stormy altar of Qazlal.
  1802 | D:3      | Found a runed gate.
  1803 | D:3      | Noticed a big kobold
  1804 | D:3      | Found a runed gate.
  1804 | D:3      | Found a runed gate.
  1804 | D:3      | Noticed dialectric's ghost (amateur GrWn)
  1851 | D:3      | Noticed a big kobold
  1853 | D:3      | Killed dialectric's ghost
  1853 | D:3      | Reached skill level 5 in Fighting
  1853 | D:3      | Reached skill level 5 in Axes
  1853 | D:3      | Reached XP level 5. HP: 48/48 MP: 4/4
  1855 | D:3      | Reached *** piety under Trog
  1864 | D:3      | HP: 2/72 [big kobold/dagger of chaos (4)]
  2075 | D:3      | Reached XP level 6. HP: 37/56 MP: 1/5
  2515 | D:4      | Found a large runed door.
  2515 | D:4      | Found a large runed door.
  2517 | D:4      | Noticed peteyfrogboy's ghost (amateur DsNe)
  2549 | D:4      | Reached XP level 7. HP: 46/63 MP: 6/6
  2640 | D:4      | Killed peteyfrogboy's ghost
  3275 | D:5      | Entered Level 5 of the Dungeon
  3390 | D:5      | Reached XP level 8. HP: 48/71 MP: 7/7
  3477 | D:5      | Noticed Sigmund
  3489 | D:5      | Killed Sigmund
  3489 | D:5      | Reached skill level 5 in Armour
  3609 | D:5      | Found Fyng's Weapon Emporium.
  3846 | D:5      | Found a staircase to the Ecumenical Temple.
  3935 | D:6      | Found Xatuw's Weapon Emporium.
  3970 | D:6      | Reached **** piety under Trog
  4037 | D:6      | Found a shimmering altar of Xom.
  4048 | D:6      | Reached skill level 5 in Dodging
  4248 | D:6      | Noticed Dowan
  4249 | D:6      | Noticed Duvessa
  4259 | D:6      | Killed Dowan
  4259 | D:6      | Received a gift from Trog
  4261 | D:6      | Killed Duvessa
  4352 | D:6      | Reached XP level 9. HP: 78/82 MP: 8/8
  4737 | D:6      | Noticed a troll
  4750 | D:6      | Killed a troll
  6277 | D:8      | Received a gift from Trog
  6277 | D:8      | Reached skill level 5 in Throwing
  6566 | D:8      | Reached XP level 10. HP: 88/93 MP: 9/9
  6574 | D:8      | Reached ***** piety under Trog
  6630 | D:8      | Reached skill level 10 in Fighting
  6631 | D:8      | Reached skill level 10 in Axes
  7274 | D:8      | Noticed a two-headed ogre
  7285 | D:8      | Killed a two-headed ogre
  7564 | D:8      | Received a gift from Trog
  7797 | D:9      | Slain by an unseen horror

Skill      XL: |  1  2  3  4  5  6  7  8  9 10 |
---------------+-------------------------------+-----
Axes           | 4 5 6 8 9 10 | 10.6
Fighting       | 4 5 6 8 9 10 | 10.6
Throwing       | 1 2 3 4 5 |  5.8
Armour         | 3 4 5 6 7 |  7.6
Dodging        | 3 4 5 6 |  6.8

Action                   |  1- 3 |  4- 6 |  7- 9 | 10-12 || total
-------------------------+-------+-------+-------+-------++-------
Melee: Hand axe          |    46 |    79 |   316 |   124 ||   565
       Headbutt          |     4 |    12 |    55 |    27 ||    98
Invok: Berserk           |     2 |     2 |     6 |     3 ||    13
       Trog's Hand       |       |     2 |     1 |     2 ||     5
  Use: Scroll            |     5 |       |     3 |       ||     8
       Potion            |       |       |       |     1 ||     1
 Stab: Invisible         |       |     1 |       |       ||     1
  Eat: Chunk             |     3 |     6 |    19 |     6 ||    34
Armor: Animal skin       |     2 |       |       |       ||     2
       Chain mail        |    22 |    35 |   176 |    79 ||   312
Dodge: Dodged            |    27 |    56 |   172 |    83 ||   338
